AoeStats
← ImpossibleMoney6290

Arabia

507390328Analyzed
1v1 RM · 15d ago on Sep 18, 2026· 67m 46s· 2 players
Game mode
Random Map
Map size
Tiny (2 player)
Population
200
Speed
Normal
Resources
Standard
Victory
Conquest
Starting age
Dark Age
Ending age
Imperial Age
RankedLock teamsTeams togetherTeam positionsShared explorationLock speedFull tech treeHidden civsTurbo modeCheats
Victory
Defeat
🇦🇺 Magyars · Australia
1289
+18
🇦🇷 Vietnamese · Argentina
1334
-18
ImpossibleMoney6290
7:36 Loom
9:58 Feudal Age
11:12 Double-Bit Axe
13:03 Fletching
13:13 Padded Archer Armor
17:25 Padded Archer Armor
19:36 Wheelbarrow
24:32 Castle Age
22:59 Gold Mining
22:54 Horse Collar
24:48 Scale Barding Armor
25:27 Bow Saw
25:25 Crossbowman
27:43 Bodkin Arrow
29:22 Elite Skirmisher
30:08 Thumb Ring
35:48 Town Watch
36:38 Hand Cart
36:53 Ballistics
36:45 Pikeman
37:47 Leather Archer Armor
40:39 Scale Mail Armor
41:38 Chain Mail Armor
45:58 Imperial Age
47:22 Imperial Age
46:20 Forging
46:55 Squires
46:40 Arson
47:58 Iron Casting
47:52 Halberdier
48:18 Arson
55:21 Capped Ram
59:11 Plate Mail Armor
67:58 Thumb Ring
Civ_Picker
8:12 Loom
10:45 Feudal Age
11:24 Double-Bit Axe
12:31 Horse Collar
19:41 Fletching
19:51 Padded Archer Armor
25:10 Castle Age
24:16 Bloodlines
25:08 Scale Barding Armor
27:19 Bodkin Arrow
26:48 Light Cavalry
27:30 Husbandry
36:28 Ballistics
38:06 Chain Barding Armor
50:06 Imperial Age
47:58 Town Watch
48:45 Leather Archer Armor
54:34 Murder Holes
60:13 Corvinian Army
61:13 Bow Saw
61:49 Wheelbarrow
63:02 Bracer
63:37 Plate Barding Armor
64:25 Chemistry
63:53 Parthian Tactics
63:42 Heavy Cavalry Archer
64:28 Thumb Ring
65:31 Elite Magyar Huszar
66:32 Conscription
Connection lost

Rejoining the realm…

Still unreachable

The connection could not be restored.

Session expired

The server has moved on; the page needs a fresh start.